 Dungeon Crawl Stone Soup version 0.14-a0-2061-g6c6fb9c (webtiles) character file.

416 HollowCharge the Poker (level 6, -3/49 HPs)
             Began as a Merfolk Fighter on Jan 21, 2014.
             Killed from afar by an orc wizard (10 damage)
             ... with a puff of flame
             ... on Level 4 of the Dungeon.
             The game lasted 00:16:33 (4121 turns).

HollowCharge the Poker (Merfolk Fighter)            Turns: 4121, Time: 00:16:33

HP  -3/49        AC  6     Str 21      XL: 6   Next: 16%
MP   6/6         EV  6     Int  7      God:
Gold 159         SH  0     Dex 16      Spells:  0 memorised,  5 levels left

rFire  . . .     SeeInvis .     a - +0 trident
rCold  + . .     Clarity  .     b - +0 scale mail
rNeg   . . .     Conserve .     c - +0 shield
rPois  .         rCorr    .     (no helmet)
rElec  .         rRot     .     (no cloak)
SustAb . .       Spirit   .     (no gloves)
rMut   .         Warding  .     (no boots)
Saprov . . .     Stasis   .     (no amulet)
MR     .....                    (no ring)
                                s - ring of protection from cold

@: confused, mighty, slowed, very slow, not resistant to hostile enchantments,
extremely unstealthy
A: change form in water, swift swim
a: no special abilities


You were on level 4 of the Dungeon.
You were not hungry.

You visited 1 branch of the dungeon, and saw 4 of its levels.

You collected 159 gold pieces.

Inventory:

Hand weapons
 a - a +0,+0 trident (weapon)
Armour
 b - a +0 scale mail (worn)
 c - a +0 shield (worn)
Magical devices
 u - a wand of slowing (12)
Comestibles
 d - 3 bread rations
 w - a honeycomb
Scrolls
 e - a scroll of random uselessness {unknown}
 f - 4 scrolls of remove curse {unknown}
 g - a scroll of curse jewellery {unknown}
 h - a scroll of fog {unknown}
 i - a scroll of amnesia {unknown}
 j - 3 scrolls of blinking {unknown}
 l - a scroll of recharging {unknown}
 o - a scroll of teleportation {unknown}
 q - a scroll of immolation {unknown}
 r - a scroll of enchant armour {unknown}
 y - a scroll of magic mapping {unknown}
Jewellery
 n - an uncursed amulet of stasis
 s - a ring of protection from cold (left hand)
Potions
 m - 2 potions of curing
 t - a potion of poison {unknown}
 v - a potion of speed
 x - a potion of magic {unknown}


   Skills:
 + Level 4.3 Fighting
 + Level 5.1 Polearms
 + Level 2.8 Armour
 + Level 3.3 Dodging
 + Level 3.9 Shields


You had 5 spell levels left.
You didn't know any spells.

Dungeon Overview and Level Annotations

Branches:
Dungeon (4/16)
 Temple: D:4-7

Altars:

Shops:
D:4 :

Annotations:
D:4 Dowan


Message History

The orc wizard is almost dead.
The orc wizard closely misses you. The orc hits you but does no damage.
You hear some strange, mumbled words.
You are confused.
The orc wizard hits you with an orcish dagger.
* * * LOW HITPOINT WARNING * * *
The orc barely misses you.
An orc comes into view. It is wielding an orcish club.
An orc wizard appears from thin air!
Reactivating autopickup.
The orc wizard points at you and mumbles some strange words.
The magic dart hits you!
* * * LOW HITPOINT WARNING * * *
The orc hits you.
* * * LOW HITPOINT WARNING * * *
The orc wizard points at you and mumbles some strange words.
The puff of flame hits you!
One of your 5 scrolls labeled CAICSU DIKISHRI catches fire!
One of your 2 scrolls labeled PREUMAKKAC catches fire!
You die...

#.#####.#####.#####.##o##.####.
#.# #..%..........##.##.# #.#
#######.##..........# #.#
#.##.#..##.#### #.# #.##.#..#
#.###########.##.#..#
#.#..............#..# #
###.#.#########.o.....##.#
#...#.# #o@#.#..(oo# #.###.#
#o.#####o>......o #.###.# ##.#
##.###### ......# #.# .#
.###..## ##### .. .# #...#
#...# .## .###..## #.###### .#
.....## #.##.#.##.. #..###
#.##....###


You could see 2 orc wizards and an orc.

Vanquished Creatures
  Duvessa (D:4)
  2 worker ants (D:4)
  An orc wizard (D:4)
  2 adders
  2 worms (D:2)
  A giant eyeball (D:4)
  4 giant geckos
  An ooze (D:2)
  An orc (D:3)
  A bat skeleton (D:4)
  5 giant cockroaches
  7 hobgoblins
  7 kobolds
  8 bats
  7 giant newts
  11 goblins
  8 jackals
  2 quokkas
  4 rats
75 creatures vanquished.

Notes
Turn   | Place    | Note
--------------------------------------------------------------
     0 | D:1      | HollowCharge, the Merfolk Fighter, began the quest for the Orb.
     0 | D:1      | Reached XP level 1. HP: 18/18 MP: 1/1
   113 | D:1      | Reached skill level 1 in Dodging
   208 | D:1      | Reached XP level 2. HP: 22/24 MP: 2/2
   729 | D:1      | Reached XP level 3. HP: 29/29 MP: 3/3
  1458 | D:2      | Reached skill level 4 in Polearms
  1741 | D:2      | Reached XP level 4. HP: 35/37 MP: 4/4
  3063 | D:4      | Noticed an ogre
  3157 | D:4      | Paralysed by a giant eyeball for 4 turns
  3365 | D:4      | Reached XP level 5. HP: 17/42 MP: 5/5
  3653 | D:4      | Found Ghootz's Book Boutique.
  3785 | D:4      | Noticed Duvessa
  3785 | D:4      | Noticed Dowan
  3800 | D:4      | Killed Duvessa
  3839 | D:4      | Reached XP level 6. HP: 21/49 MP: 6/6
  4116 | D:4      | Reached skill level 5 in Polearms
  4121 | D:4      | Killed from afar by an orc wizard

Action                   |  1- 3 |  4- 6 || total
-------------------------+-------+-------++-------
Melee: Trident           |   144 |   197 ||   341
Evoke: Wand              |       |     1 ||     1
  Use: Scroll            |     1 |     3 ||     4
       Potion            |       |     3 ||     3
